 Dungeon Crawl Stone Soup version 0.28.0-43-g3370ac3207 (webtiles) character file.

Game seed: 16811917887478527973

1226 sanboga the Chopper (level 8, -4/76 HPs)
             Began as a Gargoyle Fighter on Mar 23, 2022.
             Was a Follower of Trog.
             Slain by a gnoll
             ... wielding a +0 halberd
              (7 damage)
             ... on level 5 of the Dungeon.
             The game lasted 00:08:16 (5805 turns).

sanboga the Chopper (Gargoyle Fighter)              Turns: 5805, Time: 00:08:16

Health: -4/76      AC: 17    Str: 21    XL:     8   Next: 47%
Magic:  8/8        EV:  8    Int: 10    God:    Trog [*.....]
Gold:   23         SH: 12    Dex:  9    Spells: 7/7 levels left

rFire   . . .      SeeInvis .   a - +0 war axe (freeze)
rCold   + . .      Faith    .   p - +0 tower shield
rNeg    + . .      Spirit   .   m - +0 chain mail
rPois   ∞          Reflect  .   (no helmet)
rElec   +          Harm     .   (no cloak)
rCorr   .          Rampage  .   (no gloves)
Will    .....                   c - +1 pair of boots
Stlth   ..........              (no amulet)
HPRegen 0.22/turn               e - +4 ring of evasion
MPRegen 0.11/turn               k - ring of protection from cold

@: berserking, very quick
A: sickness immunity, AC +5, negative energy resistance 1, electricity
resistance, torment resistance 1, petrification resistance
a: Renounce Religion, Berserk


You were on level 5 of the Dungeon.
You worshipped Trog.
Trog was aware of your devotion.
You visited 2 branches of the dungeon, and saw 6 of its levels.
You also visited: Sewer.

You collected 117 gold pieces.
You spent 94 gold pieces at shops.

Inventory:

Hand Weapons
 a - a +0 war axe of freezing (weapon)
Armour
 c - a +1 pair of boots (worn)
 m - a +0 chain mail (worn)
 p - a +0 tower shield (worn)
Jewellery
 e - a +4 ring of evasion (left hand)
 k - a ring of protection from cold (right hand)
Wands
 r - a wand of acid (10)
Scrolls
 b - a scroll of holy word {unknown}
 j - a scroll of fog
 n - 3 scrolls of teleportation
 q - a scroll of enchant armour
Potions
 d - a potion of haste {unknown}
 g - a potion of ambrosia {unknown}
 h - 2 potions of flight {unknown}
 i - a potion of heal wounds {unknown}
 l - a potion of brilliance {unknown}
 o - 2 potions of lignification {unknown}


   Skills:
 + Level 5.9 Fighting
 * Level 6.0 Axes
 + Level 5.8 Armour
 + Level 5.7 Shields


You had 7 spell levels left.
You didn't know any spells.
Your spell library contained the following spells:

 Spells                   Type           Power      Damage    Failure   Level
 Beastly Appendage        Tmut           0%         N/A       100%        1
 Gell's Gravitas          Tloc           0%         N/A       100%        3
 Teleport Other           Tloc           0%         N/A       100%        3
 Ice Form                 Ice/Tmut       0%         N/A       100%        4
 Sticky Flame             Conj/Fire      0%         2d3       100%        4
 Alistair's Intoxication  Tmut/Pois      0%         N/A       100%        5
 Yara's Violent Unravell  Hex/Tmut       0%         3d3       100%        5
 Dispersal                Tloc           0%         N/A       100%        6


Dungeon Overview and Level Annotations

Branches:
Dungeon (5/15)             Temple (1/1) D:5           Sewer (visited)

Altars:
Ashenzari
Cheibriados
Dithmenos
Fedhas
Gozag
Kikubaaqudgha
Makhleb
Okawaru
Qazlal
Ru
Sif Muna
Trog
Uskayaw
Vehumet
Xom
Yredelemnul
Zin
The Shining One

Shops:
D:3 [


Innate Abilities, Weirdness & Mutations

You are immune to sickness and miasma.
Your stone body is resilient. (AC +5)
You are immune to poison.
You resist negative energy. (rN+)
You are resistant to electric shocks. (rElec)
You are resistant to unholy torment.
You are immune to petrification.


Message History

The gnoll sergeant closely misses you.
You slash the gnoll sergeant! You freeze the gnoll sergeant.
The gnoll sergeant is almost dead.
You slash the gnoll shaman! You freeze the gnoll shaman.
You block the gnoll's attack.
The gnoll shaman calls upon its god to heal the gnoll sergeant.
The gnoll sergeant is healed somewhat.
You block the gnoll sergeant's attack.
The gnoll hits you from afar with a +0 halberd.
* * * LOW HITPOINT WARNING * * *
You slice the gnoll sergeant!! You freeze the gnoll sergeant.
You kill the gnoll sergeant!
Trog accepts your kill.
You hit the gnoll shaman. You freeze the gnoll shaman.
The gnoll hits you from afar with a +0 halberd.
* * * LOW HITPOINT WARNING * * *
The gnoll shaman mumbles some strange prayers to its god.
The gnoll shaman is healed somewhat.
You slash the gnoll! You freeze the gnoll.
You kill the gnoll!
Trog accepts your kill.
You slash the gnoll shaman! You freeze the gnoll shaman.
You kill the gnoll shaman!
Trog accepts your kill.
The gnoll hits you from afar with a +0 halberd.
* * * LOW HITPOINT WARNING * * *
The gnoll barely misses you. The gnoll hits you with a +0 flail.
* * * LOW HITPOINT WARNING * * *
Your Axes skill increases to level 6!
You slash the gnoll! You freeze the gnoll.
The gnoll is almost dead.
You slash the orc! You freeze the orc.
You kill the orc!
Trog accepts your kill.
You block the gnoll's attack. x2; The gnoll barely misses you.
You hit the gnoll. You freeze the gnoll.
You kill the gnoll!
Trog accepts your kill.
You barely miss the orc.
The gnoll hits you from afar with a +0 halberd!
You die...

....P............................
...............................†.
..≈≈≈≈≈≈≈†≈≈≈≈≈≈≈≈≈≈≈≈≈≈≈≈≈†≈†≈≈≈
..≈≈≈≈≈≈≈≈≈≈≈≈≈≈≈≈≈≈≈≈≈≈≈≈≈≈≈≈≈≈≈
..≈≈#####≈≈≈≈≈≈≈≈≈≈≈≈≈≈≈≈≈≈≈≈≈≈≈≈
..≈≈#...#........................
..≈≈#...#########################
..≈≈###'#....'...)....#
..≈≈≈.#.#....###@######
..≈≈≈.#.#....#?#oo.o....
..≈≈≈.#.###'##.#gggg....
..≈≈≈.#......#.#g.......
..≈≈≈.#......#.'........
..≈≈≈.#.#######################
..≈≈≈.#)#)......)...#....#.....
..≈≈≈.#.')...)..)..)'....'.....
..≈≈###'#...........#....#.....


You could see 5 gnolls and 3 orcs.

Vanquished Creatures
  Sigmund (D:2)
  An ice beast (D:5)
  A phantom (D:4)
  An ogre (D:5)
  A gnoll sergeant (D:5)
  2 bullfrogs (Sewer)
  2 water moccasin skeletons (D:5)
  A howler monkey (D:5)
  A bullfrog zombie (D:5)
  A hound (D:4)
  A gnoll shaman (D:5)
  An iguana (D:5)
  An orc wizard (D:5)
  2 hound skeletons (D:4)
  11 gnolls (D:5)
  A howler monkey skeleton (D:4)
  8 adders
  An ufetubus (D:5)
  2 worms
  17 orcs
  10 ball pythons
  6 endoplasms
  10 giant cockroaches
  9 goblins
  10 hobgoblins
  21 jackals
  5 kobolds
  6 quokkas
  3 bats
  6 frilled lizards (Sewer)
  3 rats
146 creatures vanquished.

Vanquished Creatures (others)
  3 plants (D:5)
3 creatures vanquished.

Grand Total: 149 creatures vanquished

Notes
Turn   | Place    | Note
-------+----------+-------------------------------------------
     0 | D:1      | sanboga the Gargoyle Fighter began the quest for the Orb.
     0 | D:1      | Reached XP level 1. HP: 14/14 MP: 1/1
   205 | D:1      | Reached skill level 2 in Axes
   328 | D:1      | Reached XP level 2. HP: 16/19 MP: 2/2
   902 | D:2      | Reached XP level 3. HP: 22/23 MP: 3/3
   945 | D:2      | Found a shimmering altar of Xom.
  1076 | D:2      | HP: 1/23 [something (5)]
  2117 | D:3      | Noticed Sigmund
  2130 | D:3      | Found a basalt altar of Yredelemnul.
  2154 | D:2      | Killed Sigmund
  2155 | D:2      | Reached skill level 3 in Axes
  2155 | D:2      | Reached XP level 4. HP: 11/29 MP: 4/4
  2155 | D:2      | Reached XP level 5. HP: 12/33 MP: 5/5
  2352 | D:3      | Found a burning altar of Makhleb.
  2506 | D:3      | Found Bufeiro's Antique Armour Emporium.
  2716 | D:3      | Reached XP level 6. HP: 38/38 MP: 6/6
  3162 | D:4      | Found a glowing drain.
  3170 | D:4      | Reached skill level 4 in Axes
  3172 | Sewer    | Entered a sewer
  3485 | Sewer    | Reached XP level 7. HP: 38/44 MP: 7/7
  3491 | Sewer    | Got the Disquisition on Fire and Shape Shifting
  3671 | D:3      | Bought a tower shield for 94 gold pieces
  4693 | D:5      | Entered Level 5 of the Dungeon
  4716 | D:5      | Reached skill level 5 in Fighting
  4716 | D:5      | Reached skill level 5 in Armour
  4743 | D:5      | Reached skill level 5 in Shields
  4752 | D:5      | Reached skill level 5 in Axes
  4888 | D:5      | Found a staircase to the Ecumenical Temple.
  5000 | D:5      | Reached XP level 8. HP: 47/50 MP: 8/8
  5088 | D:5      | Found an iron altar of Okawaru.
  5177 | Temple   | Entered the Ecumenical Temple
  5301 | Temple   | Became a worshipper of Trog the Wrathful
  5696 | D:5      | Reached * piety under Trog
  5803 | D:5      | HP: 3/76 [gnoll/+0 flail (4)]
  5804 | D:5      | Reached skill level 6 in Axes
  5805 | D:5      | Slain by a gnoll

Illustrated notes

Levels and vault maps discovered:
D:1:      grunt_arrival_crossed_arrows, layout_loops_cross, minmay_pentomino_q2
D:2:      minmay_angry_zag, layout_basic, basic_altar
D:3:      layout_basic, mainiacjoe_overflow_large_starburst, serial_shops,
          shop_statue, uniq_sigmund
D:4:      layout_basic, gup_sewer_entry_bowl
D:5:      lemuel_castle_with_subvaults [lemuel_castle_interior_carwin_1],
          layout_loops_corners, okawaru_metal_pillars_1_2, temple_statues,
          kennysheep_doodads
Temple:   minmay_temple_curvy_branch

Skill      XL: |  1  2  3  4  5  6  7  8 |
---------------+-------------------------+-----
Axes           | 2 3 4 5 6 |  6.0
Fighting       | 4 5 |  5.9
Armour         | 4 5 |  5.8
Shields        | 4 5 |  5.7

Action                   |  1- 3 |  4- 6 |  7- 9 || total
-------------------------+-------+-------+-------++-------
Melee: War axe           |   162 |    34 |   198 ||   394
       Hand axe          |       |   152 |    56 ||   208
Invok: Berserk           |       |       |     1 ||     1
  Use: Scroll            |     4 |     2 |     4 ||    10
       Potion            |     2 |       |     2 ||     4
Armor: Scale mail        |   106 |     2 |       ||   108
       Chain mail        |       |    76 |   154 ||   230
Dodge: Dodged            |    67 |   129 |    94 ||   290
Block: Buckler           |    29 |    57 |       ||    86
       Tower shield      |       |       |   231 ||   231
